 Dungeon Crawl Stone Soup version 0.30.0-20-g3b4254fcbd (webtiles) character file.

Game seed: 429362402958468215

30 Peloso the Covered (level 3, -2/33 HPs)
             Began as a Minotaur Fighter on June 2, 2023.
             Slain by Sigmund
             ... wielding a +0 scythe
              (5 damage)
             ... on level 2 of the Dungeon.
             The game lasted 00:01:51 (1083 turns).

Peloso the Covered (Minotaur Fighter)               Turns: 1083, Time: 00:01:52

Health: -2/33      AC:  8    Str: 20    XL:     3   Next: 5%
Magic:  2/2        EV:  9    Int:  5    God:
Gold:   37         SH:  4    Dex: 11    Spells: 2/2 levels left

rFire   . . .        a - +0 long sword
rCold   . . .        d - +0 buckler
rNeg    . . .        b - +0 scale mail
rPois   .            (helmet restricted)
rElec   .            c - +0 cloak
rCorr   .            (no gloves)
SInv    .            (no boots)
Will    .....        (no amulet) Stlth
                     (no ring)
HPRegen 0.25/turn    (no ring)
MPRegen 0.08/turn

%: no passive effects
@: no status effects
A: horns 2, retaliatory headbutt
a: no special abilities


You were on level 2 of the Dungeon.
You visited 1 branch of the dungeon, and saw 2 of its levels.

You collected 37 gold pieces.

Inventory:

Hand Weapons
 a - a +0 long sword (weapon)
Armour
 b - a +0 scale mail (worn)
 c - a +0 cloak (worn)
 d - a +0 buckler (worn)
Scrolls
 f - a scroll of identify {unknown}
Potions
 e - a potion of might


   Skills:
 + Level 4.1 Fighting
 + Level 2.8 Long Blades
 + Level 4.1 Armour
 + Level 4.0 Shields


You had 2 spell levels left.
You didn't know any spells.
Your spell library was empty.

Dungeon Overview and Level Annotations

Branches:
Dungeon (2/15)

Altars:

Annotations:
D:2 Sigmund


Innate Abilities, Weirdness & Mutations

You have a pair of horns on your head.
You reflexively headbutt those who attack you in melee.


Message History

You escape the ball python's grasp.
The endoplasm freezes you.
You are frozen.
Sigmund hits you from afar with a +0 scythe!
The ball python bites you but does no damage.
The ball python barely misses you.
In your confused state, you trip and fall back down the stairs.
The endoplasm hits you but does no damage.
The ball python barely misses you. x2
The endoplasm barely misses you.
Sigmund says, "You will soon forget everything."
Sigmund hits you but does no damage. The ball python barely misses you.
The ball python grabs you.
You stop ascending the stairs.
The ball python constricts you.
Unknown command.
You escape the ball python's grasp.
The endoplasm hits you but does no damage.
Sigmund barely misses you.
The ball python bites you but does no damage.
The ball python closely misses you.
In your confused state, you trip and fall back down the stairs.
The endoplasm freezes you.
You are frozen.
* * * LOW HITPOINT WARNING * * *
The ball python closely misses you. The ball python misses you.
You're too confused to move!
The endoplasm hits you but does no damage.
Sigmund mumbles some strange words.
Sigmund flickers and vanishes!
Deactivating autopickup; reactivate with Ctrl-A.
The ball python barely misses you. The ball python grabs you.
The ball python constricts you.
* * * LOW HITPOINT WARNING * * *
You escape the ball python's grasp.
You feel less confused. The endoplasm freezes you.
You are frozen.
* * * LOW HITPOINT WARNING * * *
Something hits you.
You die...

...# ## .... .
. ..... .# ..
..... ####.#...
..........)....
......#..{.....
.......S.....>.
#@J..?...
#.w......
#........
.........
#.....[..
####.#### .# ##


You could see a dart slug, an endoplasm and a ball python.

Vanquished Creatures
  4 ball pythons (D:1)
  5 bats
  4 endoplasms (D:1)
  A giant cockroach (D:2)
  2 goblins (D:1)
  3 hobgoblins (D:1)
  A kobold (D:1)
  A quokka (D:1)
  5 frilled lizards (D:1)
  3 rats (D:1)
29 creatures vanquished.

Notes
Turn   | Place    | Note
-------+----------+-------------------------------------------
     0 | D:1      | Peloso the Minotaur Fighter began the quest for the Orb.
     0 | D:1      | Reached XP level 1. HP: 19/19 MP: 0/0
   187 | D:1      | Reached XP level 2. HP: 27/27 MP: 1/1
   709 | D:1      | Reached XP level 3. HP: 33/33 MP: 2/2
  1066 | D:2      | Noticed Sigmund
  1083 | D:2      | Slain by Sigmund

Illustrated notes

Levels and vault maps discovered:
D:1:      evilmike_arrival_grusome_pit, layout_basic, serial_forest,
          infiniplex_forest_fountain, infiniplex_forest_straight_3,
          infiniplex_forest_clump_double, infiniplex_forest_clump_long,
          minivault_4, chequers_serial_rivers_small_b
D:2:      layout_rooms, uniq_jessica, uniq_sigmund

Skill      XL: |  1  2 |
---------------+-------+-----
Armour         | 4 |  4.1
Fighting       | 4 |  4.1
Shields        | 4 |  4.0
Long Blades    | |  2.8

Action                     || total
---------------------------++-------
  Melee: Long sword        ||    47
         Headbutt          ||     3
 Armour: Scale mail        ||    28
  Dodge: Dodged            ||    29
  Block: Buckler           ||     7
